 Dungeon Crawl Stone Soup version 0.28.0 (webtiles) character file.

Game seed: 11945201527514142109

168 dolemite99 the Twirler (level 5, 0/57 HPs)
             Began as a Demonspawn Gladiator on Feb 9, 2022.
             Was a Believer of Dithmenos.
             Slain by a killer bee (6 damage)
             ... on level 4 of the Dungeon.
             The game lasted 00:03:45 (3519 turns).

dolemite99 the Twirler (Demonspawn Gladiator)       Turns: 3519, Time: 00:03:45

Health: 0/57       AC: 22    Str: 16    XL:     5   Next: 24%
Magic:  5/5        EV:  2    Int:  9    God:    Dithmenos [**....]
Gold:   114        SH:  0    Dex: 15    Spells: 4/4 levels left

rFire   . . .      SeeInvis .   a - +1 quarterstaff
rCold   . . .      Faith    .   (shield currently unavailable)
rNeg    . . .      Spirit   .   (armour currently unavailable)
rPois   +          Reflect  .   (helmet currently unavailable)
rElec   .          Harm     .   (cloak currently unavailable)
rCorr   .          Rampage  .   (gloves currently unavailable)
Will    .....      NoTele   +   (boots currently unavailable)
Stlth   ++........              (no amulet)
HPRegen 0.19/turn               (no ring)
MPRegen 0.18/turn               (no ring)

@: tree-form, wreathed by umbra
A: stationary, stasis, torment immunity, boosted hp, (hooves 1), (slimy green
scales 1), magic regeneration
a: Renounce Religion, Shadow Step


You were on level 4 of the Dungeon.
You worshipped Dithmenos.
Dithmenos was pleased with you.
You were a tree.
You visited 1 branch of the dungeon, and saw 4 of its levels.

You collected 114 gold pieces.

Inventory:

Hand Weapons
 a - a +1 quarterstaff (weapon)
 b - a +1 hunting sling
Missiles
 d - 3 throwing nets (quivered)
 m - 13 sling bullets
 n - 121 stones
Armour
 c - a +0 helmet (melded)
 g - a +0 leather armour (melded)
 j - a +2 pair of gloves (melded)
 o - a +2 pair of boots of rampaging (melded)
Jewellery
 r - a +6 ring of intelligence
Scrolls
 l - a scroll of amnesia
Potions
 e - 2 potions of attraction {unknown}
 h - a potion of flight {unknown}
 i - a potion of mutation {unknown}
 k - a potion of magic
 p - a potion of might {unknown}
 q - a potion of heal wounds {unknown}


   Skills:
 - Level 2.0 Fighting
 + Level 4.8 Staves
 - Level 2.2(2.6) Slings
 - Level 1.7(2.3) Throwing
 - Level 2.6 Dodging


You had 4 spell levels left.
You didn't know any spells.
Your spell library was empty.

Dungeon Overview and Level Annotations

Branches:
Dungeon (4/15)
 Temple: D:4-7

Altars:
Dithmenos
Hepliaklqana

Shops:
D:3 :


Innate Abilities, Weirdness & Mutations

You are a tree.
Your roots penetrate the ground, keeping you stationary.
You cannot be teleported.
You are immune to unholy pain and torment.
Your maximum health is greatly increased.
Your equipment is partially melded.
((You have large cloven feet.))
((You are partially covered in slimy green scales. (AC +2)))
You regenerate magic rapidly.


Message History

The killer bee is severely wounded.
The killer bee stings you but does no damage.
The killer bee completely misses you. The killer bee stings you.
The killer bee stings you! x2; The killer bee barely misses you.
The killer bee stings you but does no damage. x4
You miss the killer bee.
The killer bee is heavily wounded.
The killer bee stings you.
The killer bee stings you but does no damage. x7
You miss the killer bee.
The killer bee is severely wounded.
The killer bee stings you but does no damage. x9
You closely miss the killer bee.
The killer bee is heavily wounded.
The killer bee stings you but does no damage. x2
The killer bee stings you.
The killer bee stings you but does no damage. x4
The killer bee stings you.
Okay, then.
Okay, then.
You miss the killer bee.
The killer bee is severely wounded.
The killer bee stings you!
* * * LOW HITPOINT WARNING * * *
The killer bee stings you.
* * * LOW HITPOINT WARNING * * *
The killer bee stings you but does no damage. x2
The killer bee barely misses you.
The killer bee stings you but does no damage. x3
The killer bee stings you.
* * * LOW HITPOINT WARNING * * *
The killer bee stings you.
* * * LOW HITPOINT WARNING * * *
You closely miss the killer bee.
The killer bee is moderately wounded.
The killer bee stings you but does no damage. x2
The killer bee stings you.
* * * LOW HITPOINT WARNING * * *
The killer bee stings you.
You die...

#.# #....#...# #.
#....#...#
#........##
######....#
#....# .#
..####....#...##
................S
######.#########
#.y♣yh....#
#.yyy.....#
#..h.......
#.....(...#
###.####.## #..
(( ... . ...


You could see 5 killer bees and 2 jackals.

Vanquished Creatures
  A hound (D:4)
  An iguana (D:3)
  3 adders
  An adder skeleton (D:4)
  3 worms
  2 dart slugs
  An orc (D:3)
  8 bats
  5 endoplasms
  2 giant cockroaches
  8 goblins
  5 hobgoblins
  5 jackals
  8 kobolds
  3 quokkas
  4 ball pythons
  A frilled lizard (D:1)
  4 rats
65 creatures vanquished.

Notes
Turn   | Place    | Note
-------+----------+-------------------------------------------
     0 | D:1      | dolemite99 the Demonspawn Gladiator began the quest for the
                  | Orb.
     0 | D:1      | Reached XP level 1. HP: 16/16 MP: 1/1
   299 | D:1      | Reached skill level 3 in Staves
   530 | D:1      | Gained mutation: You regenerate magic rapidly. [demonic
                  | ancestry]
   530 | D:1      | Reached XP level 2. HP: 13/22 MP: 2/2
  1312 | D:1      | Found a faded altar of an unknown god.
  1367 | D:1      | Prayed at the altar of an unknown god.
  1367 | D:1      | Became a worshipper of Dithmenos the Shadowed
  1367 | D:1      | Reached * piety under Dithmenos
  1950 | D:2      | Reached XP level 3. HP: 27/27 MP: 3/3
  1970 | D:2      | Found a hazy altar of Hepliaklqana.
  2062 | D:2      | Reached skill level 4 in Staves
  2676 | D:3      | Reached ** piety under Dithmenos
  2680 | D:3      | Found Pithon's Book Shop.
  2714 | D:3      | Reached skill level 1 in Slings
  2827 | D:3      | Gained mutation: You are partially covered in slimy green
                  | scales. (AC +2) [demonic ancestry]
  2827 | D:3      | Reached XP level 4. HP: 33/33 MP: 4/4
  3395 | D:4      | Gained mutation: You have large cloven feet. [demonic
                  | ancestry]
  3395 | D:4      | Reached XP level 5. HP: 32/38 MP: 5/5
  3519 | D:4      | Slain by a killer bee

Illustrated notes

Levels and vault maps discovered:
D:1:      kilobyte_arrival_exit_the_forest, layout_basic,
          shapermc_ecumenical_altar_mp_highgroup
D:2:      layout_basic, basic_altar
D:3:      layout_basic, serial_shops, shop
D:4:      minmay_recursive_quarters, layout_rooms, uniq_duvessa

Skill      XL: |  1  2  3  4 |
---------------+-------------+-----
Staves         | 3 4 |  4.8
Slings         | 1 2 |  2.2
Fighting       | |  2.0
Throwing       | |  1.7
Dodging        | |  2.6

Action                   |  1- 3 |  4- 6 || total
-------------------------+-------+-------++-------
Melee: Quarterstaff      |    96 |    21 ||   117
 Fire: Hunting sling     |    38 |    50 ||    88
  Use: Scroll            |     8 |     1 ||     9
       Potion            |       |     1 ||     1
 Stab: Sleeping          |     2 |       ||     2
Armor: Leather armour    |    32 |    12 ||    44
       Skin              |       |    45 ||    45
Dodge: Dodged            |    98 |    13 ||   111
